 Dungeon Crawl Stone Soup version 0.31.0-11-ge490571c62 (webtiles) character file.

Game seed: 7550965466298799615

47 qw the Shooter (level 3, -4/20 HPs)
             Began as a Deep Elf Hunter on Feb 4, 2024.
             Slain by Terence
             ... wielding a +0 mace
              (6 damage)
             ... on level 2 of the Dungeon.
             The game lasted 00:00:39 (1029 turns).

qw the Shooter (Deep Elf Hunter)                    Turns: 1029, Time: 00:00:40

Health: -4/20      AC:  6    Str: 10    XL:     3   Next: 48%
Magic:  5/5        EV: 11    Int: 13    God:
Gold:   37         SH:  0    Dex: 18    Spells: 2/2 levels left

rFire   . . .        a - +0 shortbow
rCold   . . .        (shield currently unavailable)
rNeg    . . .        f - +0 ring mail
rPois   .            (no helmet)
rElec   .            (no cloak)
rCorr   .            (no gloves)
SInv    .            d - +0 pair of boots
Will    .....        e - amulet of the acrobat
Stlth   +            (no ring)
HPRegen 0.23/turn    (no ring)
MPRegen 0.09/turn

%: acrobat
@: about to teleport
A: no striking features
a: no special abilities


You were on level 2 of the Dungeon.
You visited 1 branch of the dungeon, and saw 2 of its levels.

You collected 37 gold pieces.


   Skills:
 - Level 1.5 Fighting
 + Level 7.0 Ranged Weapons
 - Level 2.4 Dodging
 - Level 1.2 Stealth


You had 2 spell levels left.
You didn't know any spells.
Your spell library was empty.

Inventory:

Hand Weapons
 a - a +0 shortbow (weapon)
Armour
 d - a +0 pair of boots (worn)
 f - a +0 ring mail (worn)
Jewellery
 e - an amulet of the acrobat (around neck)
Scrolls
 b - a scroll of immolation {unknown}
 j - a scroll of teleportation
Potions
 m - a potion of degeneration {unknown}
 n - a potion of magic {unknown}

Dungeon Overview and Level Annotations

Branches:
Dungeon (2/15)

Altars:

Shops:
D:1 [=!

Annotations:
D:2 Terence


Message History

Found a sling.
There is a stone staircase leading down here.
Found an escape hatch in the floor.
j - 2 scrolls of teleportation (gained 1) Terence and a giant cockroach come into view.
Terence is wielding a +0 mace and wearing a +1 scale mail of cold resistance.
Found 4 stones.
You shoot an arrow. The arrow hits the giant cockroach!
You kill the giant cockroach!
Terence shouts!
You shoot an arrow. The arrow closely misses Terence.
You shoot an arrow. The arrow hits Terence.
Terence is moderately wounded.
Terence hits you but does no damage.
You shoot an arrow.
The arrow hits Terence but does no damage.
Terence is moderately wounded.
Terence barely misses you.
You shoot an arrow.
The arrow hits Terence but does no damage.
Terence is moderately wounded.
Terence misses you.
You shoot an arrow. The arrow closely misses Terence.
Terence barely misses you.
You shoot an arrow. The arrow hits Terence.
Terence is moderately wounded.
Terence hits you with a +0 mace.
You shoot an arrow.
The arrow hits Terence but does no damage.
Terence is moderately wounded.
Terence hits you with a +0 mace. Terence hits you with a +0 mace!
1028 ||| READING 2 scrolls of teleportation.
As you read the scroll of teleportation, it crumbles to dust.
You feel strangely unstable. Terence hits you with a +0 mace.
You shoot an arrow. The arrow hits Terence.
Terence is moderately wounded.
Terence hits you with a +0 mace.
You die...
Terence says, "Rest in peace."

#.# # #. .....(.....
# #. ...#.#.#.. #
#.. ..........# #
... ..#.#.#.. #
#.#....%...# #
#..#.#.#.#.# #
#...@.....# #
#@####.# # #.##...#
##### #....## #....
####..# ##.##.
##.#######8.8##
####.............
..............#8.8#.
#.#.#........###.##.
#............###...#


You could see Terence.

Vanquished Creatures
  A gnoll (D:1)
  An adder (D:2)
  A ribbon worm (D:2)
  3 endoplasms
  4 giant cockroaches
  2 goblins
  3 quokkas
  3 ball pythons
  2 bats
  A frilled lizard (D:1)
  2 kobolds (D:2)
  3 rats
26 creatures vanquished.

Notes
Turn   | Place    | Note
-------+----------+-------------------------------------------
     0 | D:1      | qw the Deep Elf Hunter began the quest for the Orb.
     0 | D:1      | Reached XP level 1. HP: 12/12 MP: 3/3
     0 | D:1      | 0 ||| qw: Version: 0.3-a-160-g6735b56
     0 | D:1      | 0 ||| qw: Game counter: 5967
     0 | D:1      | 0 ||| qw: Melee chars always use a shield: true
     0 | D:1      | 0 ||| qw: God list: Okawaru
     0 | D:1      | 0 ||| qw: Allow faded altars: false
     0 | D:1      | 0 ||| qw: Do Orc after clearing Dungeon:15 true
     0 | D:1      | 0 ||| qw: Do second Lair branch before Depths: true
     0 | D:1      | 0 ||| qw: Lair rune preference: random
     0 | D:1      | 0 ||| qw: Goals: Normal
     0 | D:1      | 0 ||| PLANNING D:1-11
    76 | D:1      | Reached skill level 6 in Ranged Weapons
    76 | D:1      | Reached XP level 2. HP: 16/16 MP: 4/4
   210 | D:1      | Found a faded altar of an unknown god.
   225 | D:1      | Found Ekeipeiw's Jewellery Boutique.
   233 | D:1      | 233 ||| SHOPLISTING +4 ring of protection (504 gold, have
                  | 11).
   233 | D:1      | 233 ||| SHOPLISTING +5 ring of evasion (504 gold, have 11).
   233 | D:1      | 233 ||| SHOPLISTING amulet of faith (560 gold, have 11).
   233 | D:1      | 233 ||| SHOPLISTING ring of Atheism {rF+ Dex+5 Slay+3} (771
                  | gold, have 11).
   233 | D:1      | 233 ||| SHOPLISTING ring of poison resistance (280 gold,
                  | have 11).
   233 | D:1      | 233 ||| SHOPLISTING ring of positive energy (280 gold, have
                  | 11).
   233 | D:1      | 233 ||| SHOPLISTING ring of protection from fire (350 gold,
                  | have 11).
   258 | D:1      | Found Houj's Armour Boutique.
   266 | D:1      | 266 ||| SHOPLISTING +0 pair of gloves (58 gold, have 11).
   266 | D:1      | 266 ||| SHOPLISTING +0 ring mail (52 gold, have 11).
   266 | D:1      | 266 ||| SHOPLISTING +3 leather armour of willpower (312
                  | gold, have 11).
   266 | D:1      | 266 ||| SHOPLISTING +3 ring mail of willpower (338 gold,
                  | have 11).
   342 | D:1      | Found Qukiufai's Distillery.
   350 | D:1      | 350 ||| SHOPLISTING 2 potions of resistance (220 gold, have
                  | 11).
   350 | D:1      | 350 ||| SHOPLISTING potion of curing (33 gold, have 11).
   350 | D:1      | 350 ||| SHOPLISTING potion of heal wounds (55 gold, have
                  | 11).
   350 | D:1      | 350 ||| SHOPLISTING potion of might (44 gold, have 11).
   518 | D:1      | 518 ||| UPGRADING to +0 pair of boots.
   523 | D:1      | 523 ||| UPGRADING to amulet of the acrobat.
   528 | D:1      | 528 ||| READING scroll labelled REUZOA MUDO.
   528 | D:1      | 528 ||| IDENTIFYING bubbling clear potion
   529 | D:1      | 529 ||| READING scroll labelled RIELUXELAR.
   530 | D:1      | 530 ||| READING 2 scrolls labelled RIWKAPL RIUFE.
   533 | D:1      | 533 ||| READING scroll labelled KIQAJA ORHAOMA.
   534 | D:1      | 534 ||| DRINKING 2 lumpy cyan potions.
   535 | D:1      | 535 ||| DRINKING bubbling purple potion.
   640 | D:1      | 640 ||| DROPPING scroll of butterflies.
   641 | D:1      | 641 ||| DROPPING potion of lignification.
   642 | D:1      | 642 ||| DROPPING potion of ambrosia.
   799 | D:2      | Reached XP level 3. HP: 18/20 MP: 5/5
   805 | D:2      | 805 ||| UPGRADING to +0 ring mail.
   827 | D:2      | 827 ||| FLEEEEING.
   830 | D:2      | 830 ||| FLEEEEING.
   831 | D:2      | 831 ||| FLEEEEING.
   832 | D:2      | 832 ||| FLEEEEING.
   833 | D:2      | 833 ||| FLEEEEING.
   834 | D:2      | 834 ||| FLEEEEING.
   835 | D:2      | 835 ||| FLEEEEING.
   841 | D:2      | Reached skill level 7 in Ranged Weapons
   860 | D:2      | 860 ||| UPGRADING to +0 leather armour.
   865 | D:2      | 865 ||| UPGRADING to +0 ring mail.
   875 | D:2      | 875 ||| DROPPING +0 leather armour.
  1019 | D:2      | Noticed Terence
  1027 | D:2      | HP: 5/20 [Terence/+0 mace (8)]
  1028 | D:2      | 1028 ||| READING 2 scrolls of teleportation.
  1028 | D:2      | HP: 1/20 [Terence/+0 mace (4)]
  1029 | D:2      | Slain by Terence

Levels and vault maps discovered:
D:1:      beargit_arrival_greenhouse, layout_basic,
          nicolae_ecumenical_snake_handling, serial_shops, shop, shop, shop
D:2:      cheibrodos_fertilizer, layout_basic, basic_altar, serial_glass,
          glass_columns_a, glass_columns_c, glass_columns_a, glass_columns_a,
          glass_columns_b, glass_columns_b, glass_columns_a, glass_columns_a,
          solitary_fountain, small_statue_intersection, uniq_terence

Skill      XL: |  1  2  3 |
---------------+----------+-----
Ranged Weapons | 6 7 |  7.0
Fighting       | |  1.5
Dodging        | |  2.4
Stealth        | |  1.2

Action                     || total
---------------------------++-------
   Fire: Shortbow          ||    78
    Use: Scroll            ||     5
         Potion            ||     2
 Armour: Leather armour    ||     7
         Ring mail         ||     7
         Skin              ||     5
  Dodge: Dodged            ||    22

Table legend:
 A = Non-vault XP
 B = Vault XP
 C = Vault XP percentage of total XP
 D = Non-vault monster count
 E = Vault monster count
 F = Vault count percentage of total count
                 A         B        C        D         E       F
            +---------+---------+-------+---------+---------+-------
      Total |      67 |       1 |   1.5 |      25 |       1 |   3.8
            +---------+---------+-------+---------+---------+-------
        D:1 |      28 |       1 |   3.4 |      10 |       1 |   9.1
        D:2 |      39 |       0 |   0.0 |      15 |       0 |   0.0
            +---------+---------+-------+---------+---------+-------
